 Dungeon Crawl Stone Soup version 0.23.2-40-g277498a001 (webtiles) character file.

Game seed: 14948396924891438932

38 Kukuleta the Grasshopper (level 3, -1/33 HPs)
             Began as a Naga Warper on Sept 19, 2019.
             Slain by an adder (2 damage)
             ... on level 2 of the Dungeon.
             The game lasted 00:07:12 (2078 turns).

Kukuleta the Grasshopper (Naga Warper)              Turns: 2078, Time: 00:07:13

Health: -1/33      AC:  2    Str: 14    XL:     3   Next: 43%
Magic:  0/6        EV: 14    Int: 13    God:
Gold:   111        SH:  0    Dex: 15    Spells: 5/7 levels left

rFire    . . .     SeeInvis +   a - +0 falchion
rCold    . . .     Gourm    .   (no shield)
rNeg     . . .     Faith    .   b - +0 leather armour
rPois    +         Spirit   .   (no helmet)
rElec    .         Reflect  .   (no cloak)
rCorr    .         Harm     .   (no gloves)
MR       .....                  (no barding)
Stlth    ++........             (no amulet)
HPRegen  0.11/turn              (no ring)
MPRegen  0.10/turn              (no ring)

@: agile, very slow
A: large, see invisible, deformed body, poison resistance, slowness 2, slow
metabolism 1, spit poison 1, AC +1
a: Spit Poison


You were on level 2 of the Dungeon.
You were not hungry.

You visited 1 branch of the dungeon, and saw 2 of its levels.

You collected 111 gold pieces.

Inventory:

Hand Weapons
 a - a +0 falchion (weapon)
Missiles
 e - 5 tomahawks of dispersal (quivered)
Armour
 b - a +0 leather armour (worn)
Jewellery
 l - an uncursed ring of fire {unknown}
Scrolls
 d - a scroll of blinking
 j - a scroll of remove curse {unknown}
Potions
 c - a potion of lignification {unknown}
 g - 2 potions of agility
 h - a potion of cancellation {unknown}
 i - a potion of curing {unknown}
 k - a potion of resistance {unknown}
Comestibles
 f - 3 rations


   Skills:
 + Level 2.4 Fighting
 * Level 2.5 Long Blades
 - Level 0.8 Throwing
 - Level 1.1 Armour
 - Level 1.5 Dodging
 - Level 0.2 Stealth
 - Level 2.5 Spellcasting
 + Level 3.0 Translocations


You had 5 spell levels left.
You knew the following spells:

 Your Spells              Type           Power        Failure   Level  Hunger
a - Blink                 Tloc           N/A          13%         2    ###....

Your spell library contained the following spells:

 Spells                   Type           Power        Failure   Level  Hunger
 Shroud of Golubria       Chrm/Tloc      #.........   24%         2    ###....
 Gell's Gravitas          Tloc           #.........   26%         3    ###....
 Lesser Beckoning         Tloc           #.........   26%         3    ###....
 Teleport Other           Tloc           #.......     26%         3    ###....
 Passage of Golubria      Tloc           N/A          63%         4    #####..


Dungeon Overview and Level Annotations

Branches:
Dungeon (2/15)

Altars:


Innate Abilities, Weirdness & Mutations

You cannot wear boots.
Your serpentine skin is tough. (AC +1)
You have supernaturally acute eyesight. (SInv)
Armour fits poorly on your strangely shaped body.
Your system is resistant to poisons. (rPois)
You cover ground very slowly.
You have a slow metabolism.
You can spit poison.


Message History

You miss the adder.
The adder is moderately wounded.
The adder bites you.
* * * LOW HITPOINT WARNING * * *
The adder barely misses you.
You riposte.
You barely miss the adder.
The adder is moderately wounded.
Casting: Blink (safe; 13% risk of failure)
Confirm with . or Enter, or press ? or * to list all spells.
You blink.
It was a potion of agility.
You feel agile all of a sudden. The adder closely misses you.
You miss the adder.
The adder is moderately wounded.
The adder bites you.
* * * LOW HITPOINT WARNING * * *
You hit the adder.
The adder is severely wounded.
The adder bites you.
You die...

...##..............)P#P#.#
...##.....................
#####.(...........########
#.............#####
#.................#
#####.................#
....).......####.(....#
[...†.......# #......#
............# #@.....#
............# #S.....#
...#####...## #......#
...# #...#####......# ....
####.S......)..# ...(.
#...........#
#......###### #......#
#......#


You could see an adder.

Vanquished Creatures
  An ooze (D:1)
  A dart slug (D:1)
  A leopard gecko (D:1)
  A giant cockroach (D:2)
  5 goblins
  5 hobgoblins
  A bat (D:1)
  3 frilled lizards
  6 kobolds
  5 rats
29 creatures vanquished.

Notes
Turn   | Place    | Note
-------+----------+-------------------------------------------
     0 | D:1      | Kukuleta the Naga Warper began the quest for the Orb.
     0 | D:1      | Reached XP level 1. HP: 19/19 MP: 3/3
    30 | D:1      | Reached skill level 1 in Armour
   515 | D:1      | Reached XP level 2. HP: 19/26 MP: 5/5
  1412 | D:1      | Reached XP level 3. HP: 33/33 MP: 6/6
  1416 | D:1      | Learned a level 2 spell: Blink
  2071 | D:2      | HP: 1/33 [adder (3)]
  2077 | D:2      | HP: 1/33 [adder (1)]
  2078 | D:2      | Slain by an adder

Skill      XL: |  1 |
---------------+----+-----
Armour         | 1 |  1.1
Fighting       | |  2.4
Long Blades    | |  2.5
Throwing       | |  0.8
Dodging        | |  1.5
Stealth        | |  0.2
Spellcasting   | |  2.5
Translocations | |  3.0

Action                   || total
-------------------------++-------
Melee: Falchion          ||   105
 Cast: Blink             ||     5
  Use: Potion            ||     1
  Eat: Ration            ||     1
Armor: Leather armour    ||    17
Dodge: Dodged            ||    44
       Rpst.: Falchion   ||    15
